 Dungeon Sprint DCSS version 0.28-a0-529-g3bad584f25 (webtiles) character file.

Game seed: 5834601129372874580

15 varam the Skirmisher (level 2, -2/48 HPs)
             Began as an Ogre Hedge Wizard on Sept 24, 2021.
             Was a Follower of Cheibriados.
             Slain by Sigmund (5 damage)
             ... in the Dungeon (Sprint VII: "The Pits").
             The game lasted 00:02:51 (281 turns).

varam the Skirmisher (Ogre Hedge Wizard)             Turns: 281, Time: 00:02:52

Health: -2/48      AC:  3    Str: 16    XL:     2   Next: 50%
Magic:  4/6        EV: 10    Int: 18    God:    Cheibriados [*.....]
Gold:   0          SH:  0    Dex: 11    Spells: 7/8 levels left

rFire   . . .      SeeInvis .   i - +2 mace (protect)
rCold   . . .      Faith    .   (no shield)
rNeg    . . .      Spirit   .   b - +0 robe
rPois   .          Reflect  .   c - +0 hat
rElec   .          Harm     .   (no cloak)
rCorr   .          Rampage  .   (gloves unavailable)
Will    .....      NoTele   +   (boots unavailable)
Stlth   ..........              (no amulet)
HPRegen 0.16/turn               (no ring)
MPRegen 0.10/turn               (no ring)

@: berserking (expiring), very slow
A: large, unfitting armour, tough skin 1
a: Renounce Religion, Bend Time


You were in the Dungeon.
You worshipped Cheibriados.
Cheibriados was aware of your devotion.
You visited 1 branch

Inventory:

Hand Weapons
 a - a +0 dagger
 d - a +2 trident
   (You found it in the Dungeon)
 e - a +2 dagger of venom
   (You found it in the Dungeon)
 i - a +2 mace of protection (weapon)
   (You found it in the Dungeon)
Missiles
 l - 10 stones
Armour
 b - a +0 robe (worn)
 c - a +0 hat (worn)
Scrolls
 z - a scroll of blinking
Potions
 f - 2 potions of berserk rage
 g - 4 potions of magic
 h - a potion of haste
 j - 2 potions of invisibility
 q - a potion of curing
 w - a potion of heal wounds


   Skills:
 + Level 4.2 Fighting
 - Level 1.7 Dodging
 - Level 1.4 Stealth
 - Level 3.6 Spellcasting
 + Level 3.1 Conjurations
 - Level 0.8 Summonings
 - Level 0.8 Translocations


You had 7 spell levels left.
You knew the following spells:

 Your Spells              Type           Power      Damage    Failure   Level
a - Magic Dart            Conj           56%        1d5       4%          1

Your spell library contained the following spells:

 Spells                   Type           Power      Damage    Failure   Level
 Blink                    Tloc           N/A        N/A       16%         2
 Call Imp                 Summ           6%         N/A       16%         2
 Slow                     Hex            3%         N/A       24%         2
 Conjure Flame            Conj/Fire      8%         6-21      24%         3
 Mephitic Cloud           Conj/Pois/Air  7%         N/A       30%         3


Dungeon Overview and Level Annotations

Branches:
Dungeon (1/1)

Altars:
Ashenzari
Cheibriados
Dithmenos
Elyvilon
Fedhas
Gozag
Hepliaklqana
Kikubaaqudgha
Makhleb
Nemelex Xobeh
Okawaru
Qazlal
Ru
Sif Muna
Trog
Uskayaw
Vehumet
Wu Jian
Xom
Yredelemnul
Zin
The Shining One
Beogh
Jiyva
Lugonu

Annotations:
D Sigmund


Innate Abilities, Weirdness & Mutations

You are too large for most types of armour.
You have tough skin. (AC +1)


Message History

You destroy the ball python zombie!
Cheibriados appreciates the change of pace.
Cheibriados is now slowing the effects of poison on you.
Cheibriados raises the support of your attributes as your movement slows.
Your Fighting skill increases to level 3!
Unknown command.
Okay, then.
As you read the scroll of summoning, it crumbles to dust.
Wisps of shadow whirl around you...
Okay, then.
A red film seems to cover your vision as you go berserk!
Cheibriados forces you to slow down.
You feel mighty! The gnoll hits you with a +0 flail.
Sigmund gestures wildly while chanting.
Sigmund flickers and vanishes!
Deactivating autopickup; reactivate with Ctrl-A.
You sock the gnoll!
Your weapon exudes an aura of protection.
The gnoll is severely wounded.
The gnoll barely misses you. Something hits you but does no damage.
Your small abomination hits the gnoll!
The gnoll dies!
Cheibriados thoroughly appreciates the change of pace.
Cheibriados raises the support of your attributes as your movement slows.
Your Fighting skill increases to level 4!
Your Conjurations skill increases to level 3!
You have reached level 2!
Something hits you.
You feel a strong urge to attack something.
You hear some strange, mumbled words.
Something tries to affect you, but you resist.
Things that are here:
a +0 flail; a gnoll corpse You miss something.
Something hits you but does no damage.
You miss something. Something hits you!
* * * LOW HITPOINT WARNING * * *
You miss something. Something hits you!
* * * LOW HITPOINT WARNING * * *
You miss something. Something hits you.
You die...

##########'##...........
#.?..')))'.##......#..#
##########.##..........
#.......@..@)@..........
#'#####+#####......#..#.
#.# #........... #.#
####'#####+ #.#
#..{....# #r# #.@x....#
#.# #.......# #.#
#...<...# #.# #.......#
#.# #.......# #'#
#.......# #....r..#
######### #.......#
#...#.@.#


You could see a friendly small abomination (summoned).

Vanquished Creatures
  An orc (D)
  An endoplasm (D)
  A quokka (D)
  A ball python zombie (D)
4 creatures vanquished.

Vanquished Creatures (collateral kills)
  A gnoll (D)
1 creature vanquished.

Grand Total: 5 creatures vanquished

Notes
Turn   | Place    | Note
-------+----------+-------------------------------------------
     0 | D        | varam the Ogre Hedge Wizard began the quest for the Orb.
     0 | D        | Reached XP level 1. HP: 16/16 MP: 5/5
    17 | D        | Reached skill level 2 in Fighting
    17 | D        | Reached skill level 1 in Conjurations
   161 | D        | Found a glowing golden altar of the Shining One.
   161 | D        | Found a glowing silver altar of Zin.
   161 | D        | Found a basalt altar of Yredelemnul.
   161 | D        | Found a shimmering altar of Xom.
   161 | D        | Found an ornate altar of the Wu Jian Council.
   161 | D        | Found a bloodstained altar of Trog.
   161 | D        | Found a shimmering blue altar of Sif Muna.
   161 | D        | Found a sacrificial altar of Ru.
   161 | D        | Found a stormy altar of Qazlal.
   161 | D        | Found an iron altar of Okawaru.
   161 | D        | Found a sparkling altar of Nemelex Xobeh.
   161 | D        | Found a burning altar of Makhleb.
   161 | D        | Found a viscous altar of Jiyva.
   161 | D        | Found a hazy altar of Hepliaklqana.
   161 | D        | Found an opulent altar of Gozag.
   161 | D        | Found a blossoming altar of Fedhas.
   161 | D        | Found a white marble altar of Elyvilon.
   161 | D        | Found a shadowy altar of Dithmenos.
   161 | D        | Found a snail-covered altar of Cheibriados.
   163 | D        | Found a radiant altar of Vehumet.
   163 | D        | Found a corrupted altar of Lugonu.
   164 | D        | Found a hide-covered altar of Uskayaw.
   164 | D        | Found an ancient bone altar of Kikubaaqudgha.
   164 | D        | Found a broken altar of Ashenzari.
   189 | D        | Became a worshipper of Cheibriados the Contemplative
   237 | D        | Noticed Sigmund
   237 | D        | Noticed a hound
   238 | D        | Noticed a gnoll shaman
   270 | D        | Reached * piety under Cheibriados
   271 | D        | Reached skill level 3 in Fighting
   276 | D        | Reached skill level 4 in Fighting
   276 | D        | Reached XP level 2. HP: 20/32 MP: 3/6
   280 | D        | HP: 2/48 [something (11)]
   281 | D        | Slain by Sigmund

Illustrated notes

Levels and vault maps discovered:
D:        pitsprint [storerooms_1, entrance_room_1, metal_vault_6, armoury_2,
          mini_pit_1, grid_room_1, main_hall_1, silver_pit, the_coven_3,
          the_vestibule_1, steel_vault_1, golden_pit, hallway_of_sentries,
          crystal_vault_2, iron_vault_2, final_vault]

Skill      XL: |  1 |
---------------+----+-----
Fighting       | 4 |  4.2
Conjurations   | 3 |  3.1
Dodging        | |  1.7
Stealth        | |  1.4
Spellcasting   | |  3.6
Summonings     | |  0.8
Translocations | |  0.8

Action                   || total
-------------------------++-------
Melee: Mace              ||    10
       Dagger            ||     5
 Cast: Magic Dart        ||     6
  Use: Scroll            ||     1
       Potion            ||     1
Armor: Robe              ||     5
Dodge: Dodged            ||     6

Table legend: (Time is in decaauts)
 A = Elapsed time spent in this place.
 B = Non-inter-level travel time spent in this place.
 C = Inter-level travel time spent in this place.
 D = Time resting spent in this place.
 E = Time spent auto-exploring this place.
 F = Levels seen in this place.
 G = Mean time per level.
                   A        B        C        D        E       F      G
               +--------+--------+--------+--------+--------+-----+--------+
         Total |    303 |    303 |      0 |    126 |      0 |   1 |  303.0 |
       Dungeon |    303 |    303 |      0 |    126 |      0 |   1 |  303.0 |
               +--------+--------+--------+--------+--------+-----+--------+

Top non-repeatable levels by time:
       D: 303 daAuts
